 Dungeon Crawl Stone Soup version 0.30-a0-6-g7c9e10e132 (webtiles) character file.

Game seed: 2358077606443624654

674 drugrobin the Sneak (level 7, -9/61 HPs)
             Began as a Demigod Delver on Aug 22, 2022.
             Mangled by Blork the orc
             ... wielding a +0 battleaxe
              (12 damage)
             ... on level 5 of the Dungeon.
             The game lasted 00:11:59 (5543 turns).

drugrobin the Sneak (Demigod Delver)                Turns: 5543, Time: 00:12:00

Health: -9/61      AC:  3    Str: 13    XL:     7   Next: 11%
Magic:  0/14       EV: 12    Int: 12    God:
Gold:   246        SH:  0    Dex: 23    Spells: 10/12 levels left

rFire   . . .      SeeInvis .    b - +1 dagger (venom)
rCold   . . .      Faith    .    (no shield)
rNeg    . . .      Spirit   .    o - +0 leather armour
rPois   .          Reflect  .    (no helmet)
rElec   .          Harm     .    (no cloak)
rCorr   .          Rampage  .    (no gloves)
Will    .....                    (no boots)
Stlth   ++++......               y - amulet of regeneration
HPRegen 1.00/turn                (no ring)
MPRegen 0.14/turn                (no ring)

@: very slightly contaminated
A: high MP 1, forlorn, divine attributes
a: no special abilities


You were on level 5 of the Dungeon.
You visited 1 branch of the dungeon, and saw 5 of its levels.

You collected 246 gold pieces.

Inventory:

Hand Weapons
 a - a +3 dagger
 b - a +1 dagger of venom (weapon)
 c - a +0 sling
 j - a +0 short sword
Missiles
 k - 4 throwing nets
 l - 51 stones (quivered)
Armour
 i - an orb of light
 o - a +0 leather armour (worn)
Jewellery
 y - an amulet of regeneration (around neck)
Wands
 g - a wand of digging (2)
 A - a wand of roots (8)
 B - a wand of charming (8)
Scrolls
 d - a scroll of magic mapping
 e - a scroll of fear
 h - 4 scrolls of butterflies {unknown}
 n - a scroll of enchant weapon {unknown}
 p - 5 scrolls of identify {unknown}
 q - a scroll of fog
 s - a scroll of poison {unknown}
 t - 3 scrolls of enchant armour {unknown}
 u - 3 scrolls of teleportation {unknown}
 v - 2 scrolls of amnesia {unknown}
 w - a scroll of immolation {unknown}
Potions
 f - 3 potions of haste
 m - 2 potions of heal wounds {unknown}
 r - 2 potions of curing {unknown}
 x - a potion of attraction {unknown}
 z - a potion of might {unknown}
 C - a potion of mutation {unknown}
 D - a potion of magic {unknown}


   Skills:
 + Level 5.1 Fighting
 - Level 2.0 Short Blades
 - Level 2.0 Dodging
 + Level 6.6 Stealth
 + Level 3.1 Spellcasting


You had 10 spell levels left.
You knew the following spells:

 Your Spells              Type           Power      Damage    Failure   Level
a - Searing Ray           Conj           2%         2d4       43%         2

Your spell library contained the following spells:

 Spells                   Type           Power      Damage    Failure   Level
 Magic Dart               Conj           4%         1d3       30%         1
 Static Discharge         Conj/Air       1%         3-4/arc   43%         2
 Gell's Gravitas          Tloc           1%         N/A       67%         3
 Teleport Other           Tloc           1%         N/A       67%         3
 Fulminant Prism          Conj/Hex       0%         3d6       97%         4
 Lightning Bolt           Conj/Air       0%         1d11      100%        5
 Dispersal                Tloc           0%         N/A       100%        6
 Maxwell's Capacitive Co  Air            0%         ∞         100%        8


Dungeon Overview and Level Annotations

Branches:
Dungeon (5/15)             Temple (0/1) D:4

Annotations:
D:5 3 runed translucent doors, Blork the orc; Dowan; Duvessa; ytrimaz's ghost, novice DsSu


Innate Abilities, Weirdness & Mutations

You have an increased reservoir of magic. (+10% MP)
You shall have no god before yourself.
Your divine heritage dramatically boosts your attributes as you level up.


Message History

Casting: Searing Ray (dangerous; 43% risk of failure)
Confirm with . or Enter, or press ? or * to list all spells.
Aiming: Searing Ray (dangerous; 43% risk of failure)
Press: ? - help, Shift-Dir - straight line, f/p - Blork the orc
Aim: Blork the orc, wielding a +0 battleaxe and wearing a +0 robe (severely wounded, very poisoned, 77% to hit)
The searing ray hits Blork the orc.
Blork the orc is almost dead.
The searing ray hits the hound!
The hound is heavily wounded.
The searing ray misses the adder. (Press . to maintain the ray.) Blork the orc closely misses you.
Unknown command.
Unknown command.
The searing ray misses Blork the orc.
The searing ray misses the hound.
The searing ray hits the adder.
The adder is moderately wounded.
Blork the orc hits you with a +0 battleaxe!
* * * LOW HITPOINT WARNING * * *
Unknown command.
Unknown command.
Unknown command.
Unknown command.
Unknown command.
Unknown command.
Unknown command.
Unknown command.
Unknown command.
Without enough magic to sustain it, your searing ray dissipates.
Blork the orc closely misses you.
Unknown command.
Unknown command.
Unknown command.
Unknown command.
Unknown command.
Unknown command.
Okay, then.
Blork the orc attacks as you move away!
Blork the orc hits you with a +0 battleaxe!
You die...

#.......##..##.# #..
###+++###...##.# #.#
...........###.# #.#
.##<...###.###.# #.#
...............## #.# #
.##...####......######.##.#
.###.## ######....†......#
.# .# #############.#### .#
.. ....Sho@..# #.# .# ###
#########.# #.# .# #.# #.#
.# #.# #.# .# #.# #.# .#
#.###.# .# #.##..# .#
#[##.## ## #<##.#


You could see Blork the orc (very poisoned), a hound and an adder.

Vanquished Creatures
  An ice beast (D:5)
  An ogre (D:5)
  2 phantoms
  2 hounds
  2 iguanas
  Jessica (D:3)
  An orc wizard (D:4)
  4 gnolls (D:2)
  3 adders
  An ufetubus (D:4)
  4 dart slugs
  14 orcs
  2 bats (D:3)
  9 endoplasms
  A giant cockroach (D:1)
  7 goblins
  9 hobgoblins
  2 jackals (D:4)
  7 quokkas
  6 ball pythons
  3 frilled lizards
  7 kobolds
  7 rats
  A spectral hobgoblin (D:3)
97 creatures vanquished.

Notes
Turn   | Place    | Note
-------+----------+-------------------------------------------
     0 | D:5      | drugrobin the Demigod Delver began the quest for the Orb.
     0 | D:5      | Reached XP level 1. HP: 18/18 MP: 3/3
    64 | D:5      | Noticed Duvessa
    64 | D:5      | Noticed Dowan
    89 | D:5      | Noticed an ice beast
   110 | D:5      | Noticed an ogre
   130 | D:4      | Noticed a hound
   529 | D:3      | Reached XP level 2. HP: 25/25 MP: 4/4
   847 | D:3      | Noticed Jessica
   857 | D:3      | Killed Jessica
   858 | D:3      | Reached skill level 5 in Stealth
   858 | D:3      | Reached XP level 3. HP: 29/31 MP: 5/5
  1346 | D:1      | Learned a level 2 spell: Searing Ray
  1996 | D:2      | Reached XP level 4. HP: 38/39 MP: 6/6
  2483 | D:2      | Reached skill level 1 in Spellcasting
  3595 | D:3      | Reached XP level 5. HP: 46/46 MP: 9/9
  4153 | D:4      | Found a staircase to the Ecumenical Temple.
  4522 | D:4      | Reached skill level 6 in Stealth
  4522 | D:4      | Reached XP level 6. HP: 44/53 MP: 9/12
  4743 | D:5      | Found a runed translucent gate.
  4860 | D:5      | Found a runed translucent gate.
  4860 | D:5      | Found a runed translucent gate.
  4883 | D:5      | Noticed ytrimaz's ghost (novice DsSu)
  4984 | D:5      | Reached skill level 5 in Fighting
  5314 | D:5      | Reached XP level 7. HP: 48/61 MP: 8/14
  5525 | D:5      | Noticed Blork the orc
  5541 | D:5      | HP: 2/61 [Blork the orc/+0 battleaxe (16)]
  5543 | D:5      | Mangled by Blork the orc

Illustrated notes

Levels and vault maps discovered:
D:1:      minmay_arrival_open_corners, layout_loops_ring
D:2:      layout_basic
D:3:      layout_loops_corners, kiku_gazebo_garden_becter, trog_hazing_becter,
          nemelex_diamond_rough_becter,
          dreamdust_ecumenical_altar_drowned_temple, uniq_jessica
D:4:      layout_basic, nicolae_wu_jian_immortal_techniques, temple_hall
D:5:      layout_loops_ring, kennysheep_mini, amethyst_overflow_temple_binary,
          gammafunk_ghost_icy, uniq_blork_the_orc, uniq_duvessa

Skill      XL: |  1  2  3  4  5  6 |
---------------+-------------------+-----
Short Blades   | 2 |  2.0
Dodging        | 2 |  2.0
Fighting       | 3 4 5 |  5.1
Stealth        | 5 6 |  6.6
Spellcasting   | 1 2 3 |  3.1

Action                   |  1- 3 |  4- 6 |  7- 9 || total
-------------------------+-------+-------+-------++-------
Melee: Short sword       |    13 |       |       ||    13
       Dagger            |   103 |   170 |     5 ||   278
       Punch             |     2 |     1 |       ||     3
 Fire: Sling             |     2 |     1 |       ||     3
Throw: Stone             |     6 |     2 |       ||     8
       Throwing net      |     1 |       |       ||     1
 Cast: Searing Ray       |       |     8 |     1 ||     9
Evoke: Wand              |     1 |     1 |       ||     2
  Use: Potion            |       |     1 |       ||     1
 Stab: Sleeping          |    19 |    11 |       ||    30
       Distracted        |       |     1 |       ||     1
Armor: Leather armour    |    15 |    18 |       ||    33
Dodge: Dodged            |    50 |   113 |     7 ||   170

Table legend: (Time is in decaauts)
 A = Elapsed time spent in this place.
 B = Non-inter-level travel time spent in this place.
 C = Inter-level travel time spent in this place.
 D = Time resting spent in this place.
 E = Time spent auto-exploring this place.
 F = Levels seen in this place.
 G = Mean time per level.
                   A        B        C        D        E       F      G
               +--------+--------+--------+--------+--------+-----+--------+
         Total |   5501 |   5382 |    119 |    737 |   3343 |   5 | 1100.2 |
       Dungeon |   5501 |   5382 |    119 |    737 |   3343 |   5 | 1100.2 |
               +--------+--------+--------+--------+--------+-----+--------+

Top non-repeatable levels by time:
     D:2: 1587 daAuts
     D:3: 1173 daAuts
     D:4: 990 daAuts
     D:1: 883 daAuts
     D:5: 866 daAuts
